AoeStats
← Johnifon

Lombardia

509702722Analyzed
2v2 RM · 4d ago on Sep 27, 2026· 67m 22s· 4 players
Game mode
Random Map
Map size
Medium (4 player)
Population
200
Speed
Normal
Resources
Standard
Victory
Conquest
Starting age
Dark Age
Ending age
Imperial Age
RankedLock teamsTeams togetherTeam positionsShared explorationLock speedFull tech treeHidden civsTurbo modeCheats
Victory
Defeat
🇬🇧 Varangians · United Kingdom
1261
+16
🇬🇧 Saxons · United Kingdom
1260
+16
🇬🇧 Varangians · United Kingdom
1267
-17
🇩🇪 Romans · Germany
1244
-15
Lil' Linguini
6:43 Loom
10:04 Feudal Age
11:20 Double-Bit Axe
15:42 Castle Age
15:25 Scale Mail Armor
15:40 Horse Collar
16:51 Man-at-Arms
22:21 Wheelbarrow
22:38 Forging
22:40 Long Swordsman
24:13 Squires
25:10 Iron Casting
25:26 Bow Saw
25:43 Bow Saw
25:56 Chain Mail Armor
26:27 Heavy Plow
26:41 Gold Mining
27:18 Hand Cart
27:39 Stone Mining
28:40 Caravan
28:25 Pikeman
30:11 Town Watch
34:51 Imperial Age
33:32 Gold Shaft Mining
34:42 Ballistics
35:29 Fletching
35:53 Ballistas
38:47 Blast Furnace
37:09 Legionary
38:13 Conscription
38:19 Comitatenses
37:46 Heavy Scorpion
39:31 Bodkin Arrow
40:49 Chemistry
40:00 Masonry
42:52 Heavy Scorpion
44:24 Town Patrol
44:55 Crop Rotation
50:41 Scale Barding Armor
50:37 Padded Archer Armor
ThePreb
3:39 Loom
10:57 Feudal Age
15:02 Castle Age
13:31 Scale Barding Armor
13:17 Double-Bit Axe
15:25 Bloodlines
15:55 Husbandry
17:01 Wheelbarrow
19:59 Bow Saw
22:32 Fervor
22:28 Gold Mining
23:20 Town Watch
23:52 Horse Collar
25:06 Stone Mining
26:38 Fletching
26:58 Forging
28:45 Hand Cart
33:18 Imperial Age
31:10 Town Patrol
32:51 Iron Casting
32:24 Scale Barding Armor
31:54 Vendel Legacy
34:31 Conscription
33:33 Gothikon
33:35 Elite Jarl
35:58 Two-Man Saw
35:56 Caravan
37:44 Blast Furnace
37:22 Squires
38:03 Chain Barding Armor
37:55 Cavalier
40:52 Ballistics
41:33 Chemistry
44:24 Elite Varangian Guard
46:30 Plate Barding Armor
47:22 Heavy Plow
51:19 Plate Barding Armor
54:14 Light Cavalry
55:59 Crop Rotation
61:14 Gambesons
60:50 Man-at-Arms
Johnifon
8:51 Loom
11:22 Feudal Age
15:48 Castle Age
13:43 Double-Bit Axe
13:40 Horse Collar
16:52 Bow Saw
20:33 Heavy Plow
21:59 Gold Mining
24:27 Wheelbarrow
24:13 Town Watch
24:46 Stone Mining
25:45 Scale Barding Armor
30:51 Imperial Age
29:16 Bloodlines
29:06 Husbandry
29:34 Chain Barding Armor
30:43 Hand Cart
30:29 Town Patrol
31:22 Stone Shaft Mining
31:15 Forging
31:59 Conscription
32:47 Plate Barding Armor
32:18 Elite Jarl
33:36 Iron Casting
36:09 Blast Furnace
39:31 Caravan
52:41 Fletching
55:22 Bodkin Arrow
dannyly2
7:00 Loom
10:19 Feudal Age
14:32 Castle Age
12:57 Double-Bit Axe
13:56 Horse Collar
14:08 Gold Mining
15:46 Bow Saw
19:50 Wheelbarrow
21:15 Hand Cart
23:41 Gold Shaft Mining
24:22 Heavy Plow
25:40 Stone Mining
28:34 Imperial Age
26:06 Man-at-Arms
26:50 Scale Mail Armor
27:00 Squires
27:09 Gambesons
26:59 Long Swordsman
28:24 Chain Mail Armor
29:59 Plate Mail Armor
28:55 Two-Handed Swordsman
29:31 Clerical Recruitment
29:40 Shield Wall
30:21 Champion
31:04 Pikeman
32:09 Town Watch
32:40 Forging
32:21 Fletching
32:19 Halberdier
34:19 Iron Casting
36:42 Conscription
37:42 Bodkin Arrow
38:12 Ballistics
38:53 Chemistry
39:06 Arson
38:42 Elite Varangian Guard
46:39 Crop Rotation
47:12 Two-Man Saw
53:04 Caravan
53:35 Coinage
53:19 Guilds
Connection lost

Rejoining the realm…

Still unreachable

The connection could not be restored.

Session expired

The server has moved on; the page needs a fresh start.